SAN JOSE vs DETROIT

Created - February-06-21 at 20:30

Goals
1 2 3 T
SAN JOSE 2 0 1 3
DETROIT 0 0 0 0
Shots
1 2 3 T
SAN JOSE 6 4 10 20
DETROIT 7 8 6 21

1st period

1. SAN JOSE , Paul Stastny 7 (Jakob Silfverberg 8, Cody Ceci 5) at 3:15 (PP)
2. SAN JOSE , Jakob Silfverberg 3 (Jon Merrill 4, Paul Stastny 5) at 16:28

Penalties :
Valeri Nichushkin (DET) for Elbowing (Minor) at 2:23, Braydon Coburn (SJ ) for Holding (Minor) at 16:53, Brendan Smith (DET) for Holding (Minor) at 18:56

2nd period

No Goal

Penalties :
Ryan Nugent-Hopkins (DET) for Holding Stick (Minor) at 7:57

3rd period

3. SAN JOSE , Chris Kreider 10 (Ryan Pulock 19) at 0:29

Penalties :
MacKenzie Weegar (SJ ) for Interference (Minor) at 2:32, Rickard Rakell (SJ ) for Holding (Minor) at 19:25

Goalie Stats

Jake Allen (SJ ), 21 saves from 21 shots - (1.000), W, 9-9-1, 60:00 minutes
John Gibson (DET), 17 saves from 20 shots - (0.850), L, 10-9-1, 60:00 minutes

Players Stats for SAN JOSE

Player Name              G  A  P  +/- PIM S  H  SB GA TA FO     MP     PP MP  PK MP  
------------------------------------------------------------------------------------
Braydon Coburn           0  0  0   0  2   1  2  0  0  0  0/0    15:29   0:00   0:00 
Brian Boyle              0  0  0   0  0   0  1  0  0  0  1/2    13:18   0:00   0:12 
Chris Kreider            1  0  1   1  0   4  3  0  0  0  0/7    22:33   3:13   3:05 
Cody Ceci                0  1  1   1  0   1  1  2  0  0  0/0    19:50   1:30   2:00 
Corey Perry              0  0  0   0  0   0  0  0  0  0  0/1     5:52   0:00   0:00 
David Savard             0  0  0   1  0   1  4  2  0  0  0/0    23:14   3:20   2:32 
Dustin Brown             0  0  0   1  0   0  3  0  0  0  1/3    21:32   3:13   1:15 
Jakob Silfverberg        1  1  2   1  0   2  1  1  0  0  0/0    16:53   1:37   0:00 
Jesper Fast              0  0  0   0  0   1  1  0  0  0  0/1    13:18   0:00   0:12 
Jon Merrill              0  1  1   1  0   1  1  1  0  0  0/0    19:50   1:30   2:00 
Jordan Weal              0  0  0   0  0   0  0  0  0  0  4/4     6:01   0:00   0:00 
Kevin Hayes              0  0  0   1  0   3  0  0  0  0  12/22  22:33   3:13   3:05 
Kyle Clifford            0  0  0   0  0   0  0  0  0  0  0/0     0:43   0:00   0:00 
MacKenzie Weegar         0  0  0   0  2   1  2  0  0  0  0/0    16:03   0:00   0:00 
Paul Stastny             1  1  2   1  0   3  1  0  0  0  8/12   19:00   1:37   1:15 
Rickard Rakell           0  0  0   1  2   1  0  0  0  0  1/1    16:52   1:37   0:00 
Ryan Carpenter           0  0  0   0  0   0  0  0  0  0  0/0     6:01   0:00   0:00 
Ryan Dzingel             0  0  0   0  0   0  0  0  0  0  6/15   13:06   0:00   0:00 
Ryan Pulock              0  1  1   1  0   1  1  1  0  0  0/0    23:14   3:20   2:32 
Stefan Noesen            0  0  0   0  0   0  0  0  0  0  0/0     0:03   0:00   0:00 

Players Stats for DETROIT

Player Name              G  A  P  +/- PIM S  H  SB GA TA FO     MP     PP MP  PK MP  
------------------------------------------------------------------------------------
Aaron Ekblad             0  0  0  -1  0   1  0  0  0  0  0/0    22:22   2:50   2:27 
Alexander Wennberg       0  0  0   0  0   1  0  0  0  0  1/4     8:24   0:00   0:00 
Andrej Sekera            0  0  0  -1  0   0  0  0  0  0  0/0    12:56   0:00   0:00 
Brendan Smith            0  0  0   0  2   0  1  0  0  0  0/0     5:49   0:00   0:00 
Calle Jarnkrok           0  0  0  -1  0   1  1  0  0  0  0/1    19:44   2:50   0:45 
Chandler Stephenson      0  0  0   0  0   0  0  0  0  0  0/0     9:09   0:00   0:45 
Christian Dvorak         0  0  0   0  0   3  0  0  0  0  10/19  16:35   1:42   0:44 
Colton Sceviour          0  0  0  -1  0   1  0  0  0  0  0/2    12:54   0:00   0:58 
Ian Cole                 0  0  0   0  0   0  1  3  0  0  0/0    18:14   1:04   2:23 
Justin Abdelkader        0  0  0  -1  0   0  1  0  0  0  0/1    12:12   0:00   0:16 
Max Domi                 0  0  0   0  0   3  1  0  0  0  1/2    16:35   1:42   0:44 
Oscar Klefbom            0  0  0   0  0   1  0  1  0  0  0/0    18:52   1:42   2:23 
Patrik Nemeth            0  0  0  -1  0   0  5  0  0  0  0/0    13:34   0:38   0:00 
Robert Bortuzzo          0  0  0   0  0   0  0  1  0  0  0/0     5:50   0:00   0:00 
Ryan Nugent-Hopkins      0  0  0  -1  2   2  2  0  0  0  14/22  21:05   2:50   2:07 
Scott Laughton           0  0  0  -1  0   1  2  0  0  0  7/15   11:56   0:00   0:00 
Taylor Hall              0  0  0  -1  0   1  2  0  0  0  1/1    22:20   2:50   3:21 
Tyler Myers              0  0  0  -1  0   1  1  2  0  0  0/0    22:22   2:50   2:27 
Valeri Nichushkin        0  0  0   0  2   2  1  0  0  0  1/1     8:23   0:00   0:00 
Zemgus Girgensons        0  0  0   0  0   3  0  0  0  0  0/0    15:51   1:42   0:00 

3 Stars

1 - Jake Allen (SJ )
2 - Jakob Silfverberg (SJ )
3 - Paul Stastny (SJ )

Power Play

SAN JOSE - 1 on 3 Attempt(s) - 33.33%
DETROIT - 0 on 3 Attempt(s) - 0.00%

Penalty Kill

SAN JOSE - 3 on 3 Attempt(s) - 100.00% - Score 0 goal in Penalty Kill
DETROIT - 2 on 3 Attempt(s) - 66.67% - Score 0 goal in Penalty Kill

Team Stat

SAN JOSE - Hits : 21 - Faceoff Wins : 33 - Blocked Shots : 7 - Penalty Minutes : 6
DETROIT - Hits : 18 - Faceoff Wins : 35 - Blocked Shots : 7 - Penalty Minutes : 6

Official

Referees : Garrett Rank and Dean Morton
Linesman : Derek Nansen and Kyle Flemington

Game Notes

No Game Note

Finance

Level 1 -- Attendance: 4031 (67.18%) -- Ticket Income $443,410
Level 2 -- Attendance: 3876 (77.52%) -- Ticket Income $232,560
Level 3 -- Attendance: 1495 (74.75%) -- Ticket Income $59,800
Level 4 -- Attendance: 2723 (68.08%) -- Ticket Income $68,075
Luxury Box -- Attendance: 1000 (100.00%) -- Ticket Income $180,000
Game was played at the Little Caesars Arena.
Total Attendance: 13125 (72.92%)
Total Ticket Income: $983,845
Total Income: $983,845

SAN JOSE

5 vs 5 Forward 
   Center                   Left Wing                Right Wing               Time % Phy DF OF 
 1 Kevin Hayes              Chris Kreider            Dustin Brown             35     1   2  2  
 2 Paul Stastny             Rickard Rakell           Jakob Silfverberg        30     1   2  2  
 3 Ryan Dzingel             Brian Boyle              Jesper Fast              25     1   2  2  
 4 Jordan Weal              Ryan Carpenter           Corey Perry              10     1   2  2  

5 vs 5 Defense 
   Defense                  Defense                                           Time % Phy DF OF 
 1 David Savard             Ryan Pulock                                       35     1   2  2  
 2 Cody Ceci                Jon Merrill                                       30     1   2  2  
 3 MacKenzie Weegar         Braydon Coburn                                    25     1   2  2  
 4 David Savard             Ryan Pulock                                       10     1   2  2  

PowerPlay Forward 
   Center                   Left Wing                Right Wing               Time % Phy DF OF 
 1 Kevin Hayes              Chris Kreider            Dustin Brown             60     1   2  2  
 2 Paul Stastny             Rickard Rakell           Jakob Silfverberg        40     1   2  2  

PowerPlay Defense
   Defense                  Defense                                           Time % Phy DF OF 
 1 David Savard             Ryan Pulock                                       60     1   2  2  
 2 Cody Ceci                Jon Merrill                                       40     1   2  2  

Penalty Kill 4 Players Forward 
   Center                   Wing                     Time % Phy DF OF 
 1 Chris Kreider            Kevin Hayes              60     1   2  2  
 2 Dustin Brown             Paul Stastny             40     1   2  2  

Penalty Kill 4 Players Defense
   Defense                  Defense                  Time % Phy DF OF 
 1 David Savard             Ryan Pulock              60     1   2  2  
 2 Cody Ceci                Jon Merrill              40     1   2  2  

Penalty Kill - 3 Players Forward 
   Forward                                           Time % Phy DF OF 
 1 Chris Kreider                                     60     1   2  2  
 2 Kevin Hayes                                       40     1   2  2  

Penalty Kill - 3 Players Defense
   Defense                  Defense                  Time % Phy DF OF 
 1 David Savard             Ryan Pulock              60     1   2  2  
 2 Cody Ceci                Jon Merrill              40     1   2  2  

4 vs 4 Forward 
   Center                   Wing                     Time % Phy DF OF 
 1 Chris Kreider            Kevin Hayes              60     1   2  2  
 2 Dustin Brown             Paul Stastny             40     1   2  2  

4 vs 4 Defense
   Defense                  Defense                  Time % Phy DF OF 
 1 David Savard             Ryan Pulock              60     1   2  2  
 2 Cody Ceci                Jon Merrill              40     1   2  2  

Last Minutes Offensive
   Center                   Left Wing                Right Wing               Defense                  Defense                  
   Kevin Hayes              Chris Kreider            Dustin Brown             David Savard             Ryan Pulock              

Last Minutes Defensive
   Center                   Left Wing                Right Wing               Defense                  Defense                  
   Kevin Hayes              Chris Kreider            Dustin Brown             David Savard             Ryan Pulock              

Goaltenders
Starting : Jake Allen               
Backup : Edward Pasquale          

Extra Forwards
Normal : Kyle Clifford, Stefan Noesen, Jesper Fast - PP : Kyle Clifford, Stefan Noesen - PK : Jesper Fast
Extra Defensemen
Normal : MacKenzie Weegar, Braydon Coburn, Cody Ceci - PP : MacKenzie Weegar - PK : Braydon Coburn, Cody Ceci
Penalty Shots
Chris Kreider, Kevin Hayes, Dustin Brown, Paul Stastny, Jakob Silfverberg

Scratches
SJ Cap Hit (Suspend), Danny DeKeyser (Bruised Left Arm Injury)

DETROIT

5 vs 5 Forward 
   Center                   Left Wing                Right Wing               Time % Phy DF OF 
 1 Ryan Nugent-Hopkins      Taylor Hall              Calle Jarnkrok           35     1   2  2  
 2 Christian Dvorak         Max Domi                 Zemgus Girgensons        30     1   2  2  
 3 Scott Laughton           Colton Sceviour          Justin Abdelkader        25     1   2  2  
 4 Alexander Wennberg       Chandler Stephenson      Valeri Nichushkin        10     1   2  2  

5 vs 5 Defense 
   Defense                  Defense                                           Time % Phy DF OF 
 1 Aaron Ekblad             Tyler Myers                                       35     1   2  2  
 2 Oscar Klefbom            Ian Cole                                          30     1   2  2  
 3 Patrik Nemeth            Andrej Sekera                                     25     1   2  2  
 4 Robert Bortuzzo          Brendan Smith                                     10     1   2  2  

PowerPlay Forward 
   Center                   Left Wing                Right Wing               Time % Phy DF OF 
 1 Ryan Nugent-Hopkins      Taylor Hall              Calle Jarnkrok           60     1   2  2  
 2 Christian Dvorak         Max Domi                 Zemgus Girgensons        40     1   2  2  

PowerPlay Defense
   Defense                  Defense                                           Time % Phy DF OF 
 1 Aaron Ekblad             Tyler Myers                                       60     1   2  2  
 2 Oscar Klefbom            Ian Cole                                          40     1   2  2  

Penalty Kill 4 Players Forward 
   Center                   Wing                     Time % Phy DF OF 
 1 Ryan Nugent-Hopkins      Taylor Hall              60     1   2  2  
 2 Max Domi                 Christian Dvorak         40     1   2  2  

Penalty Kill 4 Players Defense
   Defense                  Defense                  Time % Phy DF OF 
 1 Aaron Ekblad             Tyler Myers              60     1   2  2  
 2 Oscar Klefbom            Ian Cole                 40     1   2  2  

Penalty Kill - 3 Players Forward 
   Forward                                           Time % Phy DF OF 
 1 Ryan Nugent-Hopkins                               60     1   2  2  
 2 Taylor Hall                                       40     1   2  2  

Penalty Kill - 3 Players Defense
   Defense                  Defense                  Time % Phy DF OF 
 1 Aaron Ekblad             Tyler Myers              60     1   2  2  
 2 Oscar Klefbom            Ian Cole                 40     1   2  2  

4 vs 4 Forward 
   Center                   Wing                     Time % Phy DF OF 
 1 Ryan Nugent-Hopkins      Taylor Hall              60     1   2  2  
 2 Max Domi                 Christian Dvorak         40     1   2  2  

4 vs 4 Defense
   Defense                  Defense                  Time % Phy DF OF 
 1 Aaron Ekblad             Tyler Myers              60     1   2  2  
 2 Oscar Klefbom            Ian Cole                 40     1   2  2  

Last Minutes Offensive
   Center                   Left Wing                Right Wing               Defense                  Defense                  
   Ryan Nugent-Hopkins      Taylor Hall              Calle Jarnkrok           Aaron Ekblad             Tyler Myers              

Last Minutes Defensive
   Center                   Left Wing                Right Wing               Defense                  Defense                  
   Ryan Nugent-Hopkins      Taylor Hall              Calle Jarnkrok           Aaron Ekblad             Tyler Myers              

Goaltenders
Starting : John Gibson              
Backup : Pheonix Copley           

Extra Forwards
Normal : Scott Laughton, Alexander Wennberg, Colton Sceviour - PP : Scott Laughton, Alexander Wennberg - PK : Colton Sceviour
Extra Defensemen
Normal : Patrik Nemeth, Andrej Sekera, Robert Bortuzzo - PP : Patrik Nemeth - PK : Andrej Sekera, Robert Bortuzzo
Penalty Shots
Ryan Nugent-Hopkins, Taylor Hall, Max Domi, Christian Dvorak, Calle Jarnkrok

Scratches
Tomas Nosek (Healthy)

% Time on Ice - SAN JOSE

Lines # - Real PCT - Wanted PCT - Time Play
Normal Forward
1 - 32% - 35% - 16:15
2 - 30% - 30% - 15:16
3 - 26% - 25% - 13:06
4 - 12% - 10% - 6:01
Normal Defense
1 - 31% - 35% - 15:35
2 - 34% - 30% - 17:12
3 - 32% - 25% - 16:04
4 - 4% - 10% - 1:47
PP Forward
1 - 67% - 60% - 3:13
2 - 33% - 40% - 1:37
PP Defense
1 - 69% - 60% - 3:20
2 - 31% - 40% - 1:30
PK Forward
1 - 72% - 60% - 3:17
2 - 28% - 40% - 1:15
PK Defense
1 - 56% - 60% - 2:32
2 - 44% - 40% - 2:00
PK3 Forward
1 - 0% - 60%
2 - 0% - 40%
PK3 Defense
1 - 0% - 60%
2 - 0% - 40%
44 Forward
1 - 0% - 60%
2 - 0% - 40%
44 Defense
1 - 0% - 60%
2 - 0% - 40%
Last Minute Offensive  - 0:00
Last Minute Defensive  - 0:00
Total
Forward - 60:00
Defense - 60:00

% Time on Ice - DETROIT

Lines # - Real PCT - Wanted PCT - Time Play
Normal Forward
1 - 32% - 35% - 16:09
2 - 28% - 30% - 14:09
3 - 24% - 25% - 11:56
4 - 17% - 10% - 8:24
Normal Defense
1 - 34% - 35% - 17:05
2 - 29% - 30% - 14:47
3 - 26% - 25% - 12:56
4 - 12% - 10% - 5:50
PP Forward
1 - 63% - 60% - 2:50
2 - 38% - 40% - 1:42
PP Defense
1 - 63% - 60% - 2:50
2 - 38% - 40% - 1:42
PK Forward
1 - 85% - 60% - 4:06
2 - 15% - 40% - 0:44
PK Defense
1 - 51% - 60% - 2:27
2 - 49% - 40% - 2:23
PK3 Forward
1 - 0% - 60%
2 - 0% - 40%
PK3 Defense
1 - 0% - 60%
2 - 0% - 40%
44 Forward
1 - 0% - 60%
2 - 0% - 40%
44 Defense
1 - 0% - 60%
2 - 0% - 40%
Last Minute Offensive  - 0:00
Last Minute Defensive  - 0:00
Total
Forward - 60:00
Defense - 60:00

Play-by-Play

1st period


0:01 of 1st period - Ryan Nugent-Hopkins wins face-off versus Kevin Hayes in neutral zone.
0:55 of 1st period - Zemgus Girgensons is hit by Chris Kreider and loses puck.
1:10 of 1st period - Shot by Christian Dvorak.
1:10 of 1st period - Shot Misses the Net.
1:12 of 1st period - Shot by Oscar Klefbom.
1:12 of 1st period - Stopped by Jake Allen without a rebound.
1:13 of 1st period - Scott Laughton wins face-off versus Ryan Dzingel in SAN JOSE zone.
1:36 of 1st period - Shot by Scott Laughton.
1:36 of 1st period - Shot Misses the Net.
2:23 of 1st period - Minor Penalty to Valeri Nichushkin for Elbowing.
2:24 of 1st period - Ryan Nugent-Hopkins wins face-off versus Kevin Hayes in DETROIT zone.
2:24 of 1st period - Aaron Ekblad is hit by Chris Kreider and loses puck.
3:13 of 1st period - Shot by Jakob Silfverberg.
3:13 of 1st period - Shot Misses the Net.
3:15 of 1st period - Shot by Paul Stastny.
3:15 of 1st period - Goal by Paul Stastny - SAN JOSE : 1 - DETROIT : 0.
3:16 of 1st period - Christian Dvorak wins face-off versus Corey Perry in neutral zone.
3:25 of 1st period - Shot by Corey Perry.
3:25 of 1st period - Deflect By Jordan Weal.
3:25 of 1st period - Shot Blocked by Ian Cole.
3:35 of 1st period - Shot by Zemgus Girgensons.
3:35 of 1st period - Stopped by Jake Allen with a rebound.
4:38 of 1st period - Shot by Paul Stastny.
4:38 of 1st period - Stopped by John Gibson without a rebound.
4:39 of 1st period - Ryan Nugent-Hopkins wins face-off versus Kevin Hayes in DETROIT zone.
5:41 of 1st period - Jon Merrill is hit by Justin Abdelkader and loses puck.
5:58 of 1st period - Shot by Ryan Dzingel.
5:58 of 1st period - Deflect By Brian Boyle.
5:58 of 1st period - Shot Blocked by Tyler Myers.
6:00 of 1st period - Shot by Jesper Fast.
6:00 of 1st period - Shot Hit the Post.
6:11 of 1st period - Aaron Ekblad is hit by Jakob Silfverberg and loses puck.
6:16 of 1st period - MacKenzie Weegar is hit by Scott Laughton and loses puck.
6:24 of 1st period - Icing by Braydon Coburn.
6:25 of 1st period - Christian Dvorak wins face-off versus Paul Stastny in SAN JOSE zone.
7:16 of 1st period - Shot by Alexander Wennberg.
7:16 of 1st period - Stopped by Jake Allen with a rebound.
7:18 of 1st period - Shot by Alexander Wennberg.
7:18 of 1st period - Deflect By Valeri Nichushkin.
7:18 of 1st period - Stopped by Jake Allen with a rebound.
8:18 of 1st period - Chris Kreider is hit by Calle Jarnkrok.
9:20 of 1st period - Shot by Justin Abdelkader.
9:20 of 1st period - Shot Misses the Net.
9:22 of 1st period - Shot by Colton Sceviour.
9:22 of 1st period - Stopped by Jake Allen without a rebound.
9:23 of 1st period - Ryan Dzingel wins face-off versus Christian Dvorak in SAN JOSE zone.
9:23 of 1st period - Ryan Dzingel is hit by Max Domi.
11:10 of 1st period - Shot by Chris Kreider.
11:10 of 1st period - Shot Misses the Net.
11:12 of 1st period - Shot by Jon Merrill.
11:12 of 1st period - Shot Blocked by Oscar Klefbom.
11:26 of 1st period - Dustin Brown is hit by Valeri Nichushkin and loses puck.
14:15 of 1st period - Shot by Calle Jarnkrok.
14:15 of 1st period - Stopped by Jake Allen without a rebound.
14:16 of 1st period - Jordan Weal wins face-off versus Scott Laughton in SAN JOSE zone.
14:20 of 1st period - Icing by Jordan Weal.
14:21 of 1st period - Jordan Weal wins face-off versus Justin Abdelkader in SAN JOSE zone.
14:21 of 1st period - Jordan Weal is hit by Scott Laughton.
14:38 of 1st period - Justin Abdelkader is hit by Jon Merrill.
15:01 of 1st period - Icing by Patrik Nemeth.
15:02 of 1st period - Kevin Hayes wins face-off versus Scott Laughton in DETROIT zone.
15:03 of 1st period - Shot by Chris Kreider.
15:03 of 1st period - Stopped by John Gibson without a rebound.
15:04 of 1st period - Kevin Hayes wins face-off versus Ryan Nugent-Hopkins in DETROIT zone.
15:11 of 1st period - Shot by Chris Kreider.
15:11 of 1st period - Deflect By Kevin Hayes.
15:11 of 1st period - Shot Blocked by Tyler Myers.
15:20 of 1st period - Calle Jarnkrok is hit by David Savard.
15:41 of 1st period - Chris Kreider is hit by Taylor Hall and loses puck.
16:10 of 1st period - Shot by Max Domi.
16:10 of 1st period - Stopped by Jake Allen without a rebound.
16:11 of 1st period - Paul Stastny wins face-off versus Scott Laughton in SAN JOSE zone.
16:28 of 1st period - Shot by Jakob Silfverberg.
16:28 of 1st period - Goal by Jakob Silfverberg - SAN JOSE : 2 - DETROIT : 0.
16:29 of 1st period - Christian Dvorak wins face-off versus Ryan Dzingel in neutral zone.
16:44 of 1st period - Shot by Brendan Smith.
16:44 of 1st period - Shot Misses the Net.
16:51 of 1st period - Christian Dvorak is hit by MacKenzie Weegar and loses puck.
16:53 of 1st period - Minor Penalty to Braydon Coburn for Holding.
16:54 of 1st period - Ryan Nugent-Hopkins wins face-off versus Chris Kreider in SAN JOSE zone.
16:57 of 1st period - Shot by Calle Jarnkrok.
16:57 of 1st period - Shot Misses the Net.
16:59 of 1st period - Shot by Tyler Myers.
16:59 of 1st period - Shot Blocked by Jon Merrill.
18:18 of 1st period - Shot by Jesper Fast.
18:18 of 1st period - Stopped by John Gibson without a rebound.
18:19 of 1st period - Ryan Nugent-Hopkins wins face-off versus Chris Kreider in DETROIT zone.
18:56 of 1st period - Minor Penalty to Brendan Smith for Holding.
18:57 of 1st period - Paul Stastny wins face-off versus Max Domi in DETROIT zone.
19:40 of 1st period - Icing by Cody Ceci.
19:41 of 1st period - Kevin Hayes wins face-off versus Ryan Nugent-Hopkins in SAN JOSE zone.
19:59 of 1st period - Shot by Chris Kreider.
19:59 of 1st period - Stopped by John Gibson with a rebound.
Goals for this period are 2 for SAN JOSE vs 0 for DETROIT.
Shots for this period are 6 for SAN JOSE vs 7 for DETROIT.

2nd period


0:01 of 2nd period - Ryan Nugent-Hopkins wins face-off versus Kevin Hayes in neutral zone.
0:14 of 2nd period - Shot by Kevin Hayes.
0:14 of 2nd period - Shot Blocked by Ian Cole.
0:16 of 2nd period - Shot by David Savard.
0:16 of 2nd period - Shot Misses the Net.
0:20 of 2nd period - Shot by Chris Kreider.
0:20 of 2nd period - Shot Misses the Net.
0:22 of 2nd period - Shot by David Savard.
0:22 of 2nd period - Shot Blocked by Ian Cole.
0:59 of 2nd period - Icing by MacKenzie Weegar.
1:00 of 2nd period - Christian Dvorak wins face-off versus Brian Boyle in SAN JOSE zone.
1:24 of 2nd period - Jesper Fast is hit by Patrik Nemeth and loses puck.
1:32 of 2nd period - Icing by Andrej Sekera.
1:33 of 2nd period - Rickard Rakell wins face-off versus Christian Dvorak in DETROIT zone.
1:33 of 2nd period - Rickard Rakell is hit by Patrik Nemeth.
1:38 of 2nd period - Paul Stastny is hit by Patrik Nemeth and loses puck.
2:08 of 2nd period - Icing by Ryan Nugent-Hopkins.
2:09 of 2nd period - Kevin Hayes wins face-off versus Ryan Nugent-Hopkins in DETROIT zone.
2:56 of 2nd period - Off-side.
2:57 of 2nd period - Max Domi wins face-off versus Paul Stastny in neutral zone.
3:02 of 2nd period - Shot by Zemgus Girgensons.
3:02 of 2nd period - Stopped by Jake Allen without a rebound.
3:03 of 2nd period - Paul Stastny wins face-off versus Scott Laughton in SAN JOSE zone.
3:10 of 2nd period - Shot by Rickard Rakell.
3:10 of 2nd period - Stopped by John Gibson without a rebound.
3:11 of 2nd period - Paul Stastny wins face-off versus Christian Dvorak in DETROIT zone.
3:11 of 2nd period - Jon Merrill is hit by Patrik Nemeth and loses puck.
3:29 of 2nd period - Shot by Christian Dvorak.
3:29 of 2nd period - Stopped by Jake Allen with a rebound.
3:31 of 2nd period - Shot by Max Domi.
3:31 of 2nd period - Stopped by Jake Allen with a rebound.
3:33 of 2nd period - Shot by Max Domi.
3:33 of 2nd period - Shot Misses the Net.
4:01 of 2nd period - Cody Ceci is hit by Ryan Nugent-Hopkins and loses puck.
4:22 of 2nd period - Off-side.
4:23 of 2nd period - Kevin Hayes wins face-off versus Scott Laughton in neutral zone.
4:30 of 2nd period - Shot by Kevin Hayes.
4:30 of 2nd period - Stopped by John Gibson without a rebound.
4:31 of 2nd period - Scott Laughton wins face-off versus Kevin Hayes in DETROIT zone.
4:55 of 2nd period - Off-side.
4:56 of 2nd period - Ryan Nugent-Hopkins wins face-off versus Ryan Dzingel in neutral zone.
4:56 of 2nd period - Ryan Nugent-Hopkins is hit by Jesper Fast.
5:07 of 2nd period - Taylor Hall is hit by MacKenzie Weegar and loses puck.
5:16 of 2nd period - Shot by Taylor Hall.
5:16 of 2nd period - Deflect By Calle Jarnkrok.
5:16 of 2nd period - Shot Misses the Net.
5:32 of 2nd period - Shot by Ryan Dzingel.
5:32 of 2nd period - Shot Misses the Net.
5:34 of 2nd period - Shot by Jesper Fast.
5:34 of 2nd period - Shot Misses the Net.
5:57 of 2nd period - Off-side.
5:58 of 2nd period - Scott Laughton wins face-off versus Paul Stastny in neutral zone.
6:18 of 2nd period - Shot by Scott Laughton.
6:18 of 2nd period - Stopped by Jake Allen without a rebound.
6:19 of 2nd period - Christian Dvorak wins face-off versus Kevin Hayes in SAN JOSE zone.
6:19 of 2nd period - Christian Dvorak is hit by Ryan Pulock.
7:46 of 2nd period - Shot by Ryan Nugent-Hopkins.
7:46 of 2nd period - Stopped by Jake Allen without a rebound.
7:47 of 2nd period - Brian Boyle wins face-off versus Ryan Nugent-Hopkins in SAN JOSE zone.
7:47 of 2nd period - Brian Boyle is hit by Taylor Hall.
7:57 of 2nd period - Minor Penalty to Ryan Nugent-Hopkins for Holding Stick.
7:58 of 2nd period - Kevin Hayes wins face-off versus Colton Sceviour in DETROIT zone.
8:05 of 2nd period - Shot by David Savard.
8:05 of 2nd period - Stopped by John Gibson without a rebound.
8:06 of 2nd period - Taylor Hall wins face-off versus Kevin Hayes in DETROIT zone.
10:20 of 2nd period - Max Domi is hit by Braydon Coburn and loses puck.
10:46 of 2nd period - Off-side.
10:47 of 2nd period - Jordan Weal wins face-off versus Scott Laughton in neutral zone.
10:54 of 2nd period - Justin Abdelkader is hit by Cody Ceci and loses puck.
10:57 of 2nd period - Shot by Justin Abdelkader.
10:57 of 2nd period - Shot Blocked by Cody Ceci.
12:53 of 2nd period - Icing by Ian Cole.
12:54 of 2nd period - Christian Dvorak wins face-off versus Ryan Dzingel in DETROIT zone.
14:20 of 2nd period - Shot by Chandler Stephenson.
14:20 of 2nd period - Shot Blocked by David Savard.
14:58 of 2nd period - Shot by Dustin Brown.
14:58 of 2nd period - Deflect By Kevin Hayes.
14:58 of 2nd period - Shot Misses the Net.
15:00 of 2nd period - Shot by MacKenzie Weegar.
15:00 of 2nd period - Stopped by John Gibson without a rebound.
15:01 of 2nd period - Paul Stastny wins face-off versus Scott Laughton in DETROIT zone.
15:56 of 2nd period - Tyler Myers is hit by Paul Stastny and loses puck.
16:13 of 2nd period - Shot by Taylor Hall.
16:13 of 2nd period - Shot Blocked by Cody Ceci.
16:15 of 2nd period - Shot by Aaron Ekblad.
16:15 of 2nd period - Shot Blocked by Jakob Silfverberg.
16:23 of 2nd period - Shot by Ryan Nugent-Hopkins.
16:23 of 2nd period - Stopped by Jake Allen with a rebound.
16:53 of 2nd period - Zemgus Girgensons is hit by Chris Kreider and loses puck.
17:35 of 2nd period - Icing by MacKenzie Weegar.
17:36 of 2nd period - Ryan Dzingel wins face-off versus Scott Laughton in SAN JOSE zone.
17:49 of 2nd period - Shot by Jesper Fast.
17:49 of 2nd period - Deflect By Ryan Dzingel.
17:49 of 2nd period - Shot Misses the Net.
18:28 of 2nd period - Ryan Pulock is hit by Brendan Smith and loses puck.
18:48 of 2nd period - Shot by Valeri Nichushkin.
18:48 of 2nd period - Stopped by Jake Allen without a rebound.
18:49 of 2nd period - Ryan Nugent-Hopkins wins face-off versus Kevin Hayes in SAN JOSE zone.
18:50 of 2nd period - Shot by Tyler Myers.
18:50 of 2nd period - Stopped by Jake Allen with a rebound.
19:16 of 2nd period - Shot by Kevin Hayes.
19:16 of 2nd period - Shot Hit the Post.
19:40 of 2nd period - Cody Ceci is hit by Ryan Nugent-Hopkins and loses puck.
19:56 of 2nd period - Icing by Ryan Nugent-Hopkins.
19:57 of 2nd period - Paul Stastny wins face-off versus Calle Jarnkrok in DETROIT zone.
Goals for this period are 0 for SAN JOSE vs 0 for DETROIT.
Shots for this period are 4 for SAN JOSE vs 8 for DETROIT.

3rd period


0:01 of 3rd period - Ryan Nugent-Hopkins wins face-off versus Dustin Brown in neutral zone.
0:07 of 3rd period - Taylor Hall is hit by David Savard and loses puck.
0:16 of 3rd period - Tyler Myers is hit by Dustin Brown and loses puck.
0:29 of 3rd period - Shot by Chris Kreider.
0:29 of 3rd period - Goal by Chris Kreider - SAN JOSE : 3 - DETROIT : 0.
0:30 of 3rd period - Paul Stastny wins face-off versus Colton Sceviour in neutral zone.
1:59 of 3rd period - Shot by Kevin Hayes.
1:59 of 3rd period - Stopped by John Gibson without a rebound.
2:00 of 3rd period - Ryan Nugent-Hopkins wins face-off versus Ryan Dzingel in DETROIT zone.
2:00 of 3rd period - Ryan Nugent-Hopkins is hit by Brian Boyle.
2:11 of 3rd period - Icing by Jesper Fast.
2:12 of 3rd period - Ryan Dzingel wins face-off versus Alexander Wennberg in SAN JOSE zone.
2:32 of 3rd period - Minor Penalty to MacKenzie Weegar for Interference.
2:33 of 3rd period - Ryan Nugent-Hopkins wins face-off versus Chris Kreider in SAN JOSE zone.
3:36 of 3rd period - Shot by Christian Dvorak.
3:36 of 3rd period - Stopped by Jake Allen without a rebound.
3:37 of 3rd period - Christian Dvorak wins face-off versus Dustin Brown in SAN JOSE zone.
3:46 of 3rd period - Shot by Max Domi.
3:46 of 3rd period - Shot Misses the Net.
4:04 of 3rd period - Shot by Zemgus Girgensons.
4:04 of 3rd period - Stopped by Jake Allen without a rebound.
4:05 of 3rd period - Ryan Nugent-Hopkins wins face-off versus Chris Kreider in SAN JOSE zone.
4:20 of 3rd period - Shot by Ryan Nugent-Hopkins.
4:20 of 3rd period - Shot Misses the Net.
4:22 of 3rd period - Shot by Aaron Ekblad.
4:22 of 3rd period - Stopped by Jake Allen without a rebound.
4:23 of 3rd period - Dustin Brown wins face-off versus Christian Dvorak in SAN JOSE zone.
4:29 of 3rd period - Icing by Christian Dvorak.
4:30 of 3rd period - Christian Dvorak wins face-off versus Chris Kreider in DETROIT zone.
5:05 of 3rd period - Shot by Jakob Silfverberg.
5:05 of 3rd period - Stopped by John Gibson without a rebound.
5:06 of 3rd period - Ryan Nugent-Hopkins wins face-off versus Ryan Dzingel in DETROIT zone.
5:17 of 3rd period - Shot by Ryan Pulock.
5:17 of 3rd period - Stopped by John Gibson without a rebound.
5:18 of 3rd period - Kevin Hayes wins face-off versus Christian Dvorak in DETROIT zone.
5:21 of 3rd period - Shot by Chris Kreider.
5:21 of 3rd period - Stopped by John Gibson without a rebound.
5:22 of 3rd period - Kevin Hayes wins face-off versus Ryan Nugent-Hopkins in DETROIT zone.
5:25 of 3rd period - Shot by Kevin Hayes.
5:25 of 3rd period - Shot Misses the Net.
6:28 of 3rd period - Shot by Jon Merrill.
6:28 of 3rd period - Shot Misses the Net.
6:30 of 3rd period - Shot by Cody Ceci.
6:30 of 3rd period - Stopped by John Gibson without a rebound.
6:31 of 3rd period - Scott Laughton wins face-off versus Ryan Dzingel in DETROIT zone.
7:01 of 3rd period - Shot by Jesper Fast.
7:01 of 3rd period - Shot Misses the Net.
7:03 of 3rd period - Shot by Braydon Coburn.
7:03 of 3rd period - Stopped by John Gibson without a rebound.
7:04 of 3rd period - Paul Stastny wins face-off versus Christian Dvorak in DETROIT zone.
7:04 of 3rd period - Rickard Rakell is hit by Ian Cole and loses puck.
8:25 of 3rd period - Tyler Myers is hit by Dustin Brown.
8:41 of 3rd period - Ryan Nugent-Hopkins is hit by David Savard and loses puck.
8:48 of 3rd period - Shot by Taylor Hall.
8:48 of 3rd period - Stopped by Jake Allen without a rebound.
8:49 of 3rd period - Scott Laughton wins face-off versus Ryan Dzingel in SAN JOSE zone.
8:54 of 3rd period - Shot by Scott Laughton.
8:54 of 3rd period - Shot Misses the Net.
9:04 of 3rd period - Shot by Colton Sceviour.
9:04 of 3rd period - Shot Misses the Net.
9:06 of 3rd period - Shot by Patrik Nemeth.
9:06 of 3rd period - Shot Hit the Post.
9:32 of 3rd period - Off-side.
9:33 of 3rd period - Alexander Wennberg wins face-off versus Kevin Hayes in neutral zone.
9:44 of 3rd period - Shot by Chandler Stephenson.
9:44 of 3rd period - Shot Blocked by David Savard.
9:47 of 3rd period - Icing by David Savard.
9:48 of 3rd period - Kevin Hayes wins face-off versus Ryan Nugent-Hopkins in SAN JOSE zone.
11:04 of 3rd period - Off-side.
11:05 of 3rd period - Scott Laughton wins face-off versus Paul Stastny in neutral zone.
11:22 of 3rd period - Shot by Paul Stastny.
11:22 of 3rd period - Stopped by John Gibson without a rebound.
11:23 of 3rd period - Christian Dvorak wins face-off versus Ryan Dzingel in DETROIT zone.
11:31 of 3rd period - Icing by MacKenzie Weegar.
11:32 of 3rd period - Scott Laughton wins face-off versus Jesper Fast in SAN JOSE zone.
12:00 of 3rd period - Scott Laughton is hit by Braydon Coburn and loses puck.
12:12 of 3rd period - Icing by MacKenzie Weegar.
12:13 of 3rd period - Ryan Dzingel wins face-off versus Ryan Nugent-Hopkins in SAN JOSE zone.
13:12 of 3rd period - Ryan Nugent-Hopkins is hit by Dustin Brown and loses puck.
13:27 of 3rd period - Shot by Chris Kreider.
13:27 of 3rd period - Shot Misses the Net.
13:29 of 3rd period - Shot by Kevin Hayes.
13:29 of 3rd period - Stopped by John Gibson without a rebound.
13:30 of 3rd period - Jordan Weal wins face-off versus Christian Dvorak in DETROIT zone.
13:30 of 3rd period - Jordan Weal is hit by Tyler Myers.
14:40 of 3rd period - Icing by Dustin Brown.
14:41 of 3rd period - Valeri Nichushkin wins face-off versus Kevin Hayes in SAN JOSE zone.
14:50 of 3rd period - Icing by Ryan Pulock.
14:51 of 3rd period - Kevin Hayes wins face-off versus Alexander Wennberg in SAN JOSE zone.
15:14 of 3rd period - Icing by Ryan Pulock.
15:15 of 3rd period - Kevin Hayes wins face-off versus Christian Dvorak in SAN JOSE zone.
15:52 of 3rd period - Shot by Rickard Rakell.
15:52 of 3rd period - Shot Misses the Net.
15:54 of 3rd period - Shot by Jon Merrill.
15:54 of 3rd period - Stopped by John Gibson without a rebound.
15:55 of 3rd period - Ryan Dzingel wins face-off versus Ryan Nugent-Hopkins in DETROIT zone.
16:02 of 3rd period - Shot by Jesper Fast.
16:02 of 3rd period - Shot Misses the Net.
17:07 of 3rd period - Rickard Rakell is hit by Patrik Nemeth.
17:13 of 3rd period - Shot by Jakob Silfverberg.
17:13 of 3rd period - Shot Misses the Net.
17:15 of 3rd period - Shot by Paul Stastny.
17:15 of 3rd period - Shot Misses the Net.
17:44 of 3rd period - Icing by David Savard.
17:45 of 3rd period - Kevin Hayes wins face-off versus Christian Dvorak in SAN JOSE zone.
18:02 of 3rd period - Shot by Christian Dvorak.
18:02 of 3rd period - Shot Misses the Net.
18:04 of 3rd period - Shot by Aaron Ekblad.
18:04 of 3rd period - Shot Misses the Net.
18:06 of 3rd period - Shot by Zemgus Girgensons.
18:06 of 3rd period - Shot Blocked by Ryan Pulock.
18:12 of 3rd period - Shot by Max Domi.
18:12 of 3rd period - Stopped by Jake Allen without a rebound.
18:13 of 3rd period - Ryan Dzingel wins face-off versus Alexander Wennberg in SAN JOSE zone.
18:43 of 3rd period - Shot by Ryan Dzingel.
18:43 of 3rd period - Shot Blocked by Robert Bortuzzo.
19:25 of 3rd period - Minor Penalty to Rickard Rakell for Holding.
19:26 of 3rd period - Christian Dvorak wins face-off versus Chris Kreider in SAN JOSE zone.
19:26 of 3rd period - Oscar Klefbom is hit by David Savard and loses puck.
19:31 of 3rd period - Shot by Oscar Klefbom.
19:31 of 3rd period - Shot Misses the Net.
19:33 of 3rd period - Shot by Christian Dvorak.
19:33 of 3rd period - Stopped by Jake Allen without a rebound.
19:34 of 3rd period - Ryan Nugent-Hopkins wins face-off versus Chris Kreider in SAN JOSE zone.
Goals for this period are 1 for SAN JOSE vs 0 for DETROIT.
Shots for this period are 10 for SAN JOSE vs 6 for DETROIT.